 Dungeon Crawl Stone Soup version 0.30-a0-972-gf3ab3527aa (webtiles) character file.

Game seed: 9309140185448992920

2733 NinjaNoafa the Summoner (level 9, -4/39 HPs)
             Began as a Felid Summoner on Mar 30, 2023.
             Was an Initiate of Gozag.
             Slain by a blink frog (5 damage)
             ... on level 1 of the Lair of Beasts on Mar 31, 2023.
             The game lasted 00:37:30 (11560 turns).

NinjaNoafa the Summoner (Felid Summoner)           Turns: 11560, Time: 00:37:30

Health: -4/39      AC:  2    Str:  4    XL:     9   Next: 40%
Magic:  21/23      EV: 21    Int: 24    God:    Gozag
Gold:   1049       SH:  0    Dex: 17    Spells: 14/27 levels left
                                        Lives:  0   Deaths: 2

rFire   . . .      SeeInvis +    (weapon unavailable)
rCold   . . .      Faith    .    (shield unavailable)
rNeg    . . .      Spirit   .    (body armour unavailable)
rPois   .          Reflect  .    (helmet unavailable)
rElec   .          Rampage  .    (cloak unavailable)
rCorr   +                        (gloves unavailable)
Will    +....                    (boots unavailable)
Stlth   +                        E - amulet of magic regeneration
HPRegen 0.26/turn                l - ring "Giz Kere" {rCorr Int+3}
MPRegen 0.58/turn                v - ring of wizardry

@: lethally poisoned (-4 -> -21), very slow
A: very small, claws 1, fangs 3, see invisible, speed 1, shaggy fur 2, stealthy
paws, no weapons or thrown items, no armour, multi-lived
a: Renounce Religion, Potion Petition, Call Merchant, Bribe Branch


You were on level 1 of the Lair of Beasts.
You worshipped Gozag.
Gozag was most pleased with you.
You visited 3 branches of the dungeon, and saw 12 of its levels.

You collected 1558 gold pieces.
You spent 431 gold pieces at shops.
You paid 78 gold pieces to Gozag.

Inventory:

Jewellery
 l - the ring "Giz Kere" (left paw) {rCorr Int+3}
   (You found it on level 2 of the Dungeon)

   [ring of resist corrosion]

   Int:       It affects your intelligence (+3).
   rCorr:     It protects you from acid and corrosion.
 m - the ring "Unayse Tuce" {Ice Str+6 Dex-5}
   (You found it on level 2 of the Dungeon)

   [ring of ice]

   It enhances your ice magic.
   Str:       It affects your strength (+6).
   Dex:       It affects your dexterity (-5).
   rF:        It makes you vulnerable to fire.
   rC:        It protects you from cold.
 v - a ring of wizardry (right paw)
 E - an amulet of magic regeneration (around neck)
 F - an amulet of guardian spirit
Wands
 q - a wand of flame (45)
 t - a wand of polymorph (9)
 B - a wand of iceblast (9)
Scrolls
 e - 2 scrolls of blinking
 f - a scroll of amnesia
 g - a scroll of summoning
 h - 2 scrolls of magic mapping {unknown}
 i - 7 scrolls of teleportation
 k - 2 scrolls of enchant armour {unknown}
 n - a scroll of acquirement {unknown}
 p - a scroll of torment {unknown}
 r - 2 scrolls of immolation {unknown}
 x - 2 scrolls of identify
 y - a scroll of brand weapon {unknown}
 C - 4 scrolls of poison {unknown}
 D - a scroll of noise {unknown}
Potions
 a - 2 potions of magic
 b - a potion of might
 c - 3 potions of lignification
 d - a potion of resistance {unknown}
 j - a potion of invisibility
 o - a potion of heal wounds
 s - 2 potions of attraction
 u - 3 potions of brilliance {unknown}
 w - a potion of curing {unknown}
 z - a potion of cancellation
 A - 2 potions of flight {unknown}
Miscellaneous
 G - a tin of tremorstones (2/2)


   Skills:
 + Level 4.4 Fighting
 + Level 6.7 Dodging
 - Level 2.6 Stealth
 + Level 9.7 Spellcasting
 - Level 5.0 Hexes
 - Level 10.0 Summonings
 + Level 6.1 Air Magic


You had 14 spell levels left.
You knew the following spells:

 Your Spells              Type           Power      Damage    Failure   Level
a - Summon Small Mammal   Summ           100%       N/A       1%          1
b - Call Imp              Summ           56%        N/A       1%          2
c - Call Canine Familiar  Summ           56%        N/A       1%          3
d - Summon Guardian Gole  Hex/Summ       47%        N/A       1%          3
e - Summon Lightning Spi  Summ/Air       50%        N/A       1%          4

Your spell library contained the following spells:

 Spells                   Type           Power      Damage    Failure   Level
 Cigotuvi's Dreadful Rot  Necr/Pois/Air  42%        N/A       1%          2
 Poisonous Vapours        Pois/Air       52%        N/A       1%          2
 Apportation              Tloc           22%        N/A       2%          1
 Freeze                   Ice            44%        1d6       2%          1
 Necrotise                Necr           44%        1d6       2%          1
 Sandblast                Erth           22%        2d7       2%          1
 Kindle Blastsparks       Fire/Tloc/Air  42%        2d13      2%          3
 Mephitic Cloud           Conj/Pois/Air  21%        N/A       2%          3
 Passwall                 Tmut/Erth      9%         N/A       3%          2
 Frozen Ramparts          Ice            22%        1d4       6%          3
 Hailstorm                Conj/Ice       11%        3d5       6%          3
 Ignite Poison            Fire/Tmut/Pois 11%        N/A       6%          3
 Stone Arrow              Conj/Erth      22%        3d8       6%          3
 Ice Form                 Ice/Tmut       11%        N/A       21%         4
 Freezing Cloud           Conj/Ice/Air   10%        6-21      26%         5
 Simulacrum               Ice/Necr       Unusable   N/A       N/A         6

Dungeon Overview and Level Annotations

Branches:
Dungeon (10/15)            Temple (1/1) D:6            Lair (1/5) D:8
    Orc (0/2) D:9

Altars:
Ashenzari
Cheibriados
Dithmenos
Elyvilon
Fedhas
Gozag
Hepliaklqana
Kikubaaqudgha
Makhleb
Nemelex Xobeh
Okawaru
Qazlal
Ru
Sif Muna
Trog
Uskayaw
Vehumet
Wu Jian
Xom
Yredelemnul
Zin
The Shining One

Shops:
D:2 =[*:(   D:3 *   D:5 =

Annotations:
D:8 4 runed translucent doors
D:9 2 transporters, xian's ghost, novice GrGl
D:10 Josephine


Innate Abilities, Weirdness & Mutations

You have sharp claws.
You have razor-sharp teeth.
You have supernaturally acute eyesight. (SInv)
You cover ground quickly. (Speed+)
You are covered in thick fur. (AC +2)
Your paws help you pounce on unaware monsters.
You are incapable of wielding weapons or throwing items.
You cannot wear armour.
You gain extra lives every three experience levels.


Message History

You feel very sick.
The blink frog completely misses your quokka.
Your quokka bites the blink frog.
The blink frog hits your lightning spire but does no damage.
The blink frog blinks!
The water moccasin attacks as you move away!
The water moccasin completely misses you.
You feel very sick. The blink frog hits your quokka.
Your quokka dies!
Your quokka's corpse disappears in a puff of smoke!
The blink frog hits your lightning spire!
The blink frog blinks!
The water moccasin barely misses you.
Casting: Summon Lightning Spire (dangerous; 1% risk of failure)
Confirm with . or Enter, or press ? or * to list all spells.
You feel very sick. The water moccasin barely misses you.
The blink frog blinks!
You feel very sick.
The water moccasin completely misses you.
Your wolf closely misses the water moccasin.
The blink frog blinks!
You feel sick.
Your wolf bites the water moccasin!
The water moccasin bites you!
* * * LOW HITPOINT WARNING * * *
You are more poisoned.
The water moccasin poisons you!
Your lightning spire shoots out a bolt of lightning at the blink frog!
The bolt of electricity misses the blink frog.
The blink frog blinks!
Okay, then.
Okay, then.
Unknown command.
You enter the shallow water.
Moving in this stuff is going to be slow.
* * * LOW HITPOINT WARNING * * *
You feel very sick.
Your wolf splashes around in the water.
The water moccasin bites your wolf! The blink frog hits you.
You die...
Your body crumbles into a pile of gold.

##.#PP.......###..
#.............##.#
....#............##.#
................###.#
................# #.#
.......~.~~§<...# #.#
........~~~.~F~~###.##
...##..~≈≈~≈≈≈≈≈.##..####.#
...#...~~≈≈≈≈≈F@~.........#
##.#.≈≈≈≈≈≈≈h..#.##..###
#..#.~≈~≈≈≈§S..#.F...#
##.....~≈~≈~.##..###.F.
#.......8..####.# ##.§
#..........# #.# ....
#.###....#....### ..§
##.....###.⌠.# .⌠ #.....#
..


You could see 2 blink frogs, a water moccasin (ally target), a friendly wolf
(summoned) and a friendly lightning spire (summoned).

Vanquished Creatures
  An electric eel (Lair:1)
  An adder (D:5)
  An orc (D:4)
  A frilled lizard (D:3)
4 creatures vanquished.

Vanquished Creatures (collateral kills)
  An unseen horror (D:9)
  A kobold demonologist (D:10)
  A troll (D:10)
  A blink frog (Lair:1)
  A wraith (D:9)
  A wyvern (D:8)
  3 yaks
  A shadow (D:10)
  2 steam dragons (D:8)
  2 wargs (D:8)
  An acid dragon (D:9)
  The ghost of billz999 the Shooter, an amateur KoHu of Makhleb (D:3)
  2 water moccasins (D:7)
  10 orc warriors
  2 ice beasts
  2 sky beasts
  3 kobold brigands
  3 bullfrogs
  A scorpion (D:7)
  8 killer bees (D:9)
  2 howler monkeys
  A lava snake (D:8)
  6 hounds
  A crimson imp (D:6)
  15 orc priests
  A jelly (D:5)
  A sleepcap (D:8)
  2 gnoll boudas
  2 iguanas
  Terence (D:2)
  11 orc wizards
  A mummy (D:10)
  15 adders
  15 gnolls
  3 white imps
  An ufetubus (D:8)
  A worm (D:2)
  3 dart slugs
  78 orcs
  9 ball pythons
  9 bats
  7 endoplasms
  4 giant cockroaches
  10 hobgoblins
  6 jackals
  3 quokkas
  A frilled lizard (D:1)
  9 goblins
  31 kobolds
  3 rats
299 creatures vanquished.

Vanquished Creatures (others)
  An ugly thing (D:9)
  A yak (D:8)
  2 orc warriors
  A black bear (D:6)
  2 ogres
  2 centaurs (D:6)
  3 kobold brigands
  2 killer bees (D:9)
  An orc priest (D:8)
  2 gnoll boudas (D:5)
  4 gnolls
  4 orcs (D:8)
  3 kobolds
28 creatures vanquished.

Grand Total: 331 creatures vanquished

Notes
Turn   | Place    | Note
-------+----------+-------------------------------------------
     0 | D:1      | NinjaNoafa the Felid Summoner began the quest for the Orb.
     0 | D:1      | Reached XP level 1. HP: 7/7 MP: 4/4
   242 | D:1      | Reached XP level 2. HP: 11/11 MP: 0/6
   245 | D:1      | Learned a level 2 spell: Call Imp
   764 | D:2      | Found Zuynam's Jewellery Emporium.
   864 | D:2      | Reached XP level 3. HP: 9/14 MP: 1/8
   883 | D:2      | Learned a level 3 spell: Call Canine Familiar
  1002 | D:2      | Found a radiant altar of Vehumet.
  1026 | D:2      | Identified the ring "Giz Kere" {rCorr Int+3}
  1072 | D:2      | Identified the ring "Unayse Tuce" {Ice Str+6 Dex-5}
  1089 | D:2      | Found Duargh's Assorted Antiques.
  1448 | D:2      | Reached XP level 4. HP: 18/18 MP: 6/9
  1538 | D:2      | Reached skill level 5 in Summonings
  1603 | D:2      | Found Mashrici's Antique Armour Shop.
  1669 | D:2      | Found Maloan's Antique Weapon Emporium.
  1671 | D:2      | Noticed Terence
  1705 | D:2      | Killed Terence
  1706 | D:2      | Reached XP level 5. HP: 12/21 MP: 0/11
  1750 | D:2      | Found Mown's Book Shop.
  2016 | D:3      | Learned a level 3 spell: Summon Guardian Golem
  2135 | D:3      | Found a runed translucent gate.
  2139 | D:3      | Identified the +3 dagger "Pajaab" {freeze, rN+ Will+ MP+9}
  2157 | D:3      | Found a runed translucent gate.
  2157 | D:3      | Found Ciwn's Assorted Antiques.
  2158 | D:3      | Found a runed translucent gate.
  2158 | D:3      | Noticed billz999's ghost (amateur KoHu)
  2186 | D:3      | Reached skill level 1 in Hexes
  2963 | D:4      | Gained mutation: You are covered in thick fur. (AC +2)
                  | [Felid growth]
  2963 | D:4      | Reached XP level 6. HP: 24/24 MP: 6/13
  3231 | D:5      | Entered Level 5 of the Dungeon
  3371 | D:4      | Found a sparkling altar of Nemelex Xobeh.
  3494 | D:4      | Upgraded the game from 0.30-a0-965-g42e074c17a to
                  | 0.30-a0-972-gf3ab3527aa
  3536 | D:4      | Reached skill level 6 in Summonings
  3702 | D:4      | Reached XP level 7. HP: 27/27 MP: 5/15
  3933 | D:4      | Found a shimmering blue altar of Sif Muna.
  4162 | D:5      | Reached skill level 5 in Spellcasting
  4162 | D:5      | Reached skill level 5 in Hexes
  4274 | D:5      | Found Ziyxe's Jewellery Shop.
  4584 | D:5      | Reached skill level 7 in Summonings
  4905 | D:6      | Found a staircase to the Ecumenical Temple.
  4911 | Temple   | Entered the Ecumenical Temple
  5141 | D:6      | Found an iron altar of Okawaru.
  5143 | D:6      | HP: 1/27 [centaur/arrow (7)]
  5150 | D:6      | Reached XP level 8. HP: 3/31 MP: 14/18
  5181 | D:6      | HP: 1/31 [centaur/arrow (9)]
  5423 | D:6      | Reached skill level 8 in Summonings
  5671 | D:2      | Bought a scroll labelled GEESABL XISSYI for 23 gold pieces
  5729 | D:3      | Bought a bubbling yellow potion for 24 gold pieces
  5729 | D:3      | Bought a scroll of identify for 54 gold pieces
  6024 | D:6      | Found a burning altar of Makhleb.
  6309 | D:7      | Learned a level 4 spell: Summon Lightning Spire
  6436 | D:7      | Reached skill level 1 in Air Magic
  6453 | D:7      | Reached XP level 9. HP: 21/34 MP: 8/21
  6562 | D:7      | Reached skill level 9 in Summonings
  6801 | D:7      | Found an opulent altar of Gozag.
  6813 | D:7      | Became a worshipper of Gozag Ym Sagoz the Greedy
  7325 | D:8      | Found a staircase to the Lair.
  7363 | D:8      | Found a shimmering altar of Xom.
  7645 | D:8      | Reached skill level 10 in Summonings
  7719 | D:8      | Reached XP level 10. HP: 23/38 MP: 17/23
  7867 | D:8      | Found a huge runed translucent gate.
  7867 | D:8      | Found a huge runed translucent gate.
  7868 | D:8      | Found a huge runed translucent gate.
  7870 | D:8      | Found a huge runed translucent gate.
  8120 | D:8      | Reached skill level 1 in Fighting
  8126 | D:8      | Found a sacrificial altar of Ru.
  8126 | D:8      | Found a broken altar of Ashenzari.
  8649 | D:3      | Killed billz999's ghost
  8751 | D:2      | Bought an amulet of magic regeneration for 330 gold pieces
  9460 | D:9      | HP: 2/40 [poisoned by a killer bee]
  9476 | D:9      | Reached skill level 5 in Air Magic
  9612 | D:9      | Found a staircase to the Orcish Mines.
  9738 | D:9      | Found a transporter.
 10033 | D:9      | HP: 1/41 [poisoned by a killer bee]
 10034 | D:9      | Succumbed to a killer bee's poison
 10035 | D:9      | Reached XP level 9. HP: -1/37 MP: 22/23
 10113 | D:9      | Reached skill level 5 in Dodging
 10114 | D:9      | Noticed a green ugly thing
 10169 | D:9      | Killed a green ugly thing
 10400 | D:9      | Noticed a moth of wrath
 10403 | D:9      | Noticed a wolf spider
 10404 | D:9      | Found a transporter.
 10413 | D:9      | Noticed xian's ghost (novice GrGl)
 10696 | D:10     | Entered Level 10 of the Dungeon
 10696 | D:10     | Noticed a troll
 10706 | D:10     | Killed a troll
 10707 | D:10     | Reached XP level 10. HP: 42/42 MP: 19/24
 10715 | D:10     | Found a snail-covered altar of Cheibriados.
 11037 | D:10     | Noticed Josephine
 11134 | D:10     | HP: 2/43 [orc priest/divine providence (12)]
 11303 | D:10     | Found a glowing golden altar of the Shining One.
 11370 | D:10     | Killed from afar by Josephine
 11371 | D:10     | Reached XP level 9. HP: -10/34 MP: 20/23
 11495 | Lair:1   | Entered Level 1 of the Lair of Beasts
 11560 | Lair:1   | HP: 1/39 [poisoned by a water moccasin]
 11560 | Lair:1   | Slain by a blink frog

Illustrated notes

Levels and vault maps discovered:
D:1:      zaba_arrival_water, layout_rooms, serial_corexii_hall,
          chequers_hall_statues_wall_a, chequers_hall_statues_wall_a,
          corexii_hall_statues_x
D:2:      layout_loops_corners, serial_shops, shop_statue, nicolae_shop_stone,
          nicolae_shop_stone, shop_statue, nicolae_diamond_shop, basic_altar,
          uniq_terence
D:3:      layout_basic, biasface_ghost_orc_armoury, serial_shops, shop_statue,
          minmay_fractal_squares_5
D:4:      layout_basic, mainiacjoe_overflow_24_doors, nemelex_dance_club_becter
D:5:      layout_loops_ring, serial_shops, shop_fountains
D:6:      layout_rooms, makhleb_grotto_becter, okawaru_ov_weapons_minmay,
          minmay_temple_entry_statues_pillars, amcnicky_mini_corridor_feature
D:7:      layout_basic, overflow_temple_1_default, dreamdust_gnoll_shepherd
D:8:      lemuel_bear_cage, layout_basic, xom_confusion_cloud,
          nicolae_overflow_two_pavilions, erik_lair_orcish_takeover, serial_ice,
          serial_ice_d, serial_ice_g, serial_ice_n, serial_ice_o
D:9:      layout_stronghold, minmay_orc_entry_temple_small,
          gammafunk_ghost_berserking_beasts, minmay_crystal_room, hex_large,
          kennysheep_generic_room_7
D:10:     layout_roguey [special_room_orc], nicolae_tso_swordbearing_angel,
          slow_altar_1, uniq_josephine
Temple:   nicolae_temple_godzebo
Lair:1:   layout_gridlike, grunt_megastairs_2, infiniplex_staircase_pool

Skill      XL: |  1  2  3  4  5  6  7  8  9 10 |
---------------+-------------------------------+-----
Spellcasting   | 3 4 6 7 8 9 |  9.7
Summonings     | 5 6 7 8 10 | 10.0
Hexes          | 2 4 5 |  5.0
Air Magic      | 1 4 6 |  6.1
Dodging        | 6 4 |  6.7
Fighting       | 3 4 |  4.4
Stealth        | |  2.6

Action                     |  1- 3 |  4- 6 |  7- 9 | 10-12 || total
---------------------------+-------+-------+-------+-------++-------
  Melee: Unarmed           |     4 |     5 |    10 |       ||    19
         Bite              |       |       |     1 |       ||     1
   Cast: Summon Small Mamm |    51 |    49 |    48 |    19 ||   167
         Call Imp          |    11 |    26 |    28 |    11 ||    76
         Call Canine Famil |     7 |    19 |    35 |    13 ||    74
         Summon Guardian G |       |     2 |    18 |     7 ||    27
         Summon Lightning  |       |       |    25 |    33 ||    58
  Evoke: Wand              |       |       |     2 |       ||     2
    Use: Scroll            |       |     7 |     1 |     2 ||    10
         Potion            |       |       |       |     3 ||     3
   Stab: Sleeping          |       |     1 |       |       ||     1
 Armour: Skin              |     5 |     2 |     9 |     4 ||    20
  Dodge: Dodged            |    88 |    36 |    80 |    66 ||   270

Table legend: (Time is in decaauts)
 A = Elapsed time spent in this place.
 B = Non-inter-level travel time spent in this place.
 C = Inter-level travel time spent in this place.
 D = Time resting spent in this place.
 E = Time spent auto-exploring this place.
 F = Levels seen in this place.
 G = Mean time per level.
                   A        B        C        D        E       F      G
               +--------+--------+--------+--------+--------+-----+--------+
         Total |   9803 |   8566 |   1237 |    372 |   4799 |  12 |  816.9 |
       Dungeon |   9616 |   8407 |   1209 |    372 |   4691 |  10 |  961.6 |
        Temple |    130 |    103 |     27 |      0 |     90 |   1 |  130.0 |
          Lair |     56 |     56 |      0 |      0 |     17 |   1 |   56.0 |
               +--------+--------+--------+--------+--------+-----+--------+

Top non-repeatable levels by time:
     D:9: 1410 daAuts
     D:8: 1318 daAuts
     D:2: 1230 daAuts
     D:4: 1083 daAuts
     D:5: 932 daAuts
     D:3: 911 daAuts
     D:7: 841 daAuts
     D:6: 709 daAuts
     D:1: 660 daAuts
    D:10: 518 daAuts
  Temple: 130 daAuts
  Lair:1: 56 daAuts
